Map: Darkness Sanctuary LE

Players

Zest

  • Race: Protoss Protoss
  • League: Master
  • Spawn Location: 7:00

Solar - Winner!

  • Race: Zerg Zerg
  • League: Diamond
  • Spawn Location: 1:00

Event: HomeStory Cup XVII

VOD

Have the link to the VOD?

Description

Time

  • Played on: July 1, 2018, 11:32 a.m.
  • Length: 8:37

All games in this series

Show
View Real Time Build Order
Export as new Build Order

Zest Protoss 

Build Orders: 1 Gate Expand, Oracle Opening, Zealot Archon 

Get SALT Encoding   

  12  0:00  Probe  
  13  0:12  Probe  
  14  0:18  Pylon  
  14  0:24  Probe  
  15  0:32  Probe  
  15  0:38  Gateway  
  15  0:40  Probe  
  16  0:46  Assimilator  
  17  0:51  Probe  
  18  1:03  Probe  
  19  1:15  Probe  
  20  1:24  Nexus  
  20  1:33  Cybernetics Core  
  20  1:37  Probe  
  21  1:42  Assimilator  
  21  1:50  Probe  
  21  1:52  Pylon  
  22  2:01  Adept  
  22  2:02  Probe  
  23  2:15  Probe, Stargate  
  26  2:24  Warp Gate  
  26  2:27  Probe  
  26  2:28  Adept  
  29  2:32  Probe  
  30  2:39  Probe  
  30  2:40  Probe  
  31  2:48  Oracle  
  31  2:50  Probe  
  32  2:51  Probe  
  34  3:02  Probe  
  34  3:03  Probe  
  39  3:12  Pylon  
  39  3:14  Probe  
  39  3:15  Oracle, Probe  
  41  3:23  Gateway  
  41  3:27  Probe  
  45  3:28  Probe  
  45  3:32  Gateway  
  46  3:38  Pylon  
  46  3:39  Probe  
  46  3:40  Probe  
  48  3:43  Oracle, Assimilator  
  48  3:51  Probe  
  48  3:52  Probe  
  53  3:57  Assimilator  
  53  4:00  Pylon  
  53  4:03  Probe  
  53  4:09  Probe  
  55  4:15  Probe  
  55  4:17  Shield Battery  
  56  4:18  Pylon  
  56  4:23  Probe  
  57  4:27  Adept x3, Probe  
  64  4:35  Probe  
  66  4:50  Adept x2  
  66  4:51  Nexus, Adept  
  71  4:54  Pylon  
  71  4:58  Probe x2  
  73  5:01  Pylon  
  73  5:12  Adept x3  
  79  5:17  Robotics Facility  
  78  5:39  Probe x2  
  72  5:51  Probe  
  72  5:52  Probe, Twilight Council  
  72  5:53  Gateway  
  72  5:54  Forge  
  72  5:55  Gateway  
  72  5:59  Gateway  
  72  6:02  Observer  
  72  6:03  Probe x2  
  72  6:05  Sentry x3  
  72  6:08  Protoss Ground Weapons Level 1  
  72  6:11  Probe, Charge  
  80  6:15  Probe  
  81  6:21  Probe  
  81  6:23  Probe  
  85  6:33  Probe x2  
  85  6:35  Templar Archives, Probe  
  85  6:39  Pylon  
  88  6:44  Warp Prism  
  88  6:45  Assimilator, Probe x2  
  90  6:47  Probe  
  90  6:48  Assimilator  
  90  6:50  Stalker x3  
  97  6:58  Probe x2  
  97  6:59  Probe  
  100  7:06  Gateway  
  100  7:07  Gateway  
  100  7:12  Gateway, Pylon  
  100  7:14  Immortal  
  100  7:16  High Templar x2  
  100  7:17  High Templar x2, Zealot x2  
  100  7:21  Archon x2  
  100  7:22  Colossus  
  115  7:39  Pylon  
  115  7:41  Pylon  
  115  7:42  High Templar x2, Shield Battery x2  
  119  7:44  Shield Battery, Pylon  
  119  7:45  Pylon  
  119  7:46  Archon  
  119  7:49  Zealot x3  
  115  8:00  Zealot  
  89  8:12  Zealot  
  78  8:14  Zealot x4  
  78  8:17  Zealot  
  76  8:23  Zealot  
  76  8:24  Zealot  
Show
View Real Time Build Order
Export as new Build Order

Solar Zerg - Winner!

Build Orders: Hatch First 

Get SALT Encoding   

  12  0:01  Drone  
  13  0:12  Overlord  
  13  0:16  Drone  
  14  0:31  Drone x2  
  16  0:48  Hatchery  
  15  0:51  Drone  
  15  0:55  Drone  
  17  0:58  Drone  
  18  1:05  Extractor  
  17  1:13  Spawning Pool  
  17  1:16  Drone  
  17  1:20  Drone  
  18  1:28  Drone  
  19  1:38  Drone  
  20  1:49  Overlord  
  20  2:00  Queen x2  
  24  2:01  Zergling x4  
  24  2:07  Metabolic Boost  
  26  2:13  Drone  
  26  2:14  Drone  
  28  2:23  Drone x2  
  30  2:36  Hatchery  
  29  2:43  Queen  
  31  2:47  Zergling x2  
  31  2:49  Drone  
  33  2:52  Overlord  
  33  2:56  Drone  
  34  2:58  Drone  
  34  3:01  Drone  
  36  3:11  Drone x3  
  36  3:12  Drone x2  
  40  3:18  Drone x2  
  42  3:20  Spore Crawler  
  42  3:25  Queen  
  43  3:30  Overlord  
  43  3:33  Drone  
  44  3:39  Spore Crawler  
  43  3:44  Drone  
  44  3:49  Drone x3  
  44  3:50  Drone x3  
  44  3:52  Drone x3  
  53  3:59  Lair  
  53  4:00  Overlord  
  53  4:06  Zergling x2  
  53  4:11  Drone x2  
  53  4:14  Spore Crawler, Zergling x2  
  53  4:16  Extractor x2  
  53  4:17  Drone  
  53  4:20  Drone x4  
  53  4:23  Overlord  
  55  4:33  Drone x2  
  55  4:34  Drone  
  58  4:40  Drone  
  58  4:41  Drone, Extractor  
  58  4:42  Drone  
  58  4:45  Drone  
  61  4:48  Zergling x4  
  61  4:51  Overlord  
  63  4:53  Drone  
  63  4:54  Drone x3  
  63  4:59  Overseer, Hydralisk Den  
  66  5:00  Zergling x2  
  66  5:01  Zergling x6  
  66  5:06  Overlord  
  70  5:10  Overlord  
  70  5:12  Drone  
  70  5:13  Drone  
  71  5:14  Zergling x4  
  71  5:16  Overlord  
  71  5:19  Overlord  
  73  5:29  Hydralisk x4  
  73  5:30  Zergling x2  
  73  5:31  Zergling x2  
  83  5:37  Hydralisk x2  
  83  5:40  Zergling x6  
  81  5:47  Zergling x8  
  82  5:50  Queen  
  82  5:55  Hydralisk  
  82  5:56  Hydralisk  
  87  5:59  Hydralisk  
  87  6:01  Zergling x2  
  87  6:02  Zergling x4  
  90  6:06  Hydralisk  
  90  6:08  Hydralisk  
  90  6:09  Hydralisk  
  96  6:16  Hydralisk x2  
  97  6:20  Hydralisk  
  97  6:25  Grooved Spines  
  99  6:26  Hydralisk  
  99  6:27  Zergling x6  
  99  6:32  Hydralisk  
  104  6:35  Hydralisk  
  104  6:36  Zergling x2  
  104  6:37  Zergling x4  
  111  6:40  Overlord  
  111  6:44  Overlord  
  111  6:49  Hydralisk  
  111  6:50  Overlord  
  111  6:54  Overlord  
  113  7:00  Hydralisk x2  
  117  7:01  Baneling Nest  
  117  7:03  Zergling x2  
  117  7:05  Zergling x4  
  117  7:08  Zergling x4  
  121  7:10  Zergling x2  
  121  7:13  Zergling x4  
  124  7:15  Zergling x2  
  124  7:17  Zergling x4  
  126  7:23  Zergling x4  
  126  7:27  Zergling x6  
  126  7:29  Zergling x2  
  128  7:32  Zergling x2  
  128  7:33  Zergling x2  
  128  7:34  Zergling x2  
  128  7:35  Overseer  
  128  7:36  Zergling x2  
  123  7:37  Zergling x2  
  123  7:41  Zergling x4  
  126  7:45  Zergling x4  
  126  7:47  Baneling x4  
  126  7:48  Baneling x2  
  126  7:50  Baneling  
  128  7:54  Zergling x6  
  128  7:55  Zergling x2  
  122  7:58  Hydralisk  
  122  8:02  Zergling x4  
  112  8:06  Zergling x4  
  112  8:07  Zergling x2  
  112  8:11  Hydralisk x2  
  112  8:12  Baneling  
  113  8:13  Zergling x2  
  113  8:19  Zergling x6  
Tags
 
Add a new tag
Caveats
  • Supply blocks, unpowered buildings, or Contaminate may cause inaccurate times.
  • Supply counts are checked every 10 seconds.